 Dungeon Crawl Stone Soup version 0.30.0-5-g1a98f26d00 (webtiles) character file.

Game seed: 9305984470378218512

32 hawla the Firebug (level 3, 0/26 HPs)
             Began as a Meteoran Fire Elementalist on May 12, 2023.
             Slain by a gnoll
             ... wielding a +0 spear
              (1 damage)
             ... on level 4 of the Dungeon.
             The game lasted 00:01:14 (149 turns).

hawla the Firebug (Meteoran Fire Elementalist)       Turns: 149, Time: 00:01:15

Health: 0/26       AC:  2    Str: 10    XL:     3   Next: 67%
Magic:  8/8        EV: 13    Int: 18    God:
Gold:   37         SH:  0    Dex: 14    Spells: 4/7 levels left

rFire   . . .        (no weapon)
rCold   . . .        (no shield)
rNeg    . . .        a - +0 robe
rPois   .            (no helmet)
rElec   .            (no cloak)
rCorr   .            (no gloves)
SInv    .            (no boots)
Will    .....        (no amulet)
Stlth   +            (no ring)
HPRegen 0.24/turn    (no ring)
MPRegen 0.11/turn

%: no passive effects
@: glowing
A: sense surroundings 1, otherworldly, glowing, explore regen
a: no special abilities


You were on level 4 of the Dungeon.
You visited 1 branch of the dungeon, and saw 4 of its levels.

You collected 37 gold pieces.

Inventory:

Armour
 a - a +0 robe (worn)
Scrolls
 c - a scroll of identify {unknown}


   Skills:
 + Level 0.1 Fighting
 + Level 3.2 Dodging
 - Level 1.4 Stealth
 + Level 2.9 Spellcasting
 + Level 1.3 Conjurations
 + Level 4.5 Fire Magic


You had 4 spell levels left.
You knew the following spells:

 Your Spells              Type           Power      Damage    Failure   Level
a - Foxfire               Conj/Fire      52%        2x1d6     4%          1
b - Scorch                Fire           36%        2d6       3%          2

Your spell library contained the following spells:

 Spells                   Type           Power      Damage    Failure   Level
 Inner Flame              Hex/Fire       10%        N/A       21%         3
 Volatile Blastmotes      Fire/Tloc      20%        2d11      21%         3
 Flame Wave               Conj/Fire      13%        2d6       43%         4


Dungeon Overview and Level Annotations

Branches:
Dungeon (4/15) Zot: 2250
 Temple: D:4-7

Altars:


Innate Abilities, Weirdness & Mutations

You passively map a small area around you.
You are easily found by Zot.
You glow in the dark.
You regain HP and MP as you explore.


Message History

The foxfire hits the adder.
The adder is lightly wounded.
The foxfire hits the gnoll.
The gnoll is moderately wounded.
The adder attacks as you move away! The adder barely misses you.
The adder bites you. The adder completely misses you.
The gnoll barely misses you. The adder attacks as you move away!
The adder barely misses you.
Found an escape hatch in the ceiling.
Casting: Foxfire (safe; 4% risk of failure)
Confirm with . or Enter, or press ? or * to list all spells.
You conjure some foxfire!
The adder bites you.
The gnoll hits you from afar with a +0 spear!
The adder attacks as you move away! The adder barely misses you.
The foxfire hits the gnoll.
The gnoll is moderately wounded.
The foxfire hits the adder.
The adder is severely wounded.
The adder bites you.
Casting: Foxfire (safe; 4% risk of failure)
Confirm with . or Enter, or press ? or * to list all spells.
You conjure some foxfire!
The adder closely misses you. The gnoll misses you.
The foxfire hits the gnoll.
The gnoll is severely wounded.
You barely miss the adder.
The adder is severely wounded.
The foxfire hits the adder.
The adder is almost dead.
The adder closely misses you.
The gnoll hits you from afar with a +0 spear.
The adder bites you.
* * * LOW HITPOINT WARNING * * *
The adder closely misses you.
The gnoll hits you from afar with a +0 spear.
* * * LOW HITPOINT WARNING * * *
Magic courses through your body. The adder closely misses you.
The gnoll hits you with a +0 whip.
* * * LOW HITPOINT WARNING * * *
The gnoll hits you from afar with a +0 spear.
You die...

#########
##...<)..# *
#........# *
, #..####).#
, #..# .....
, * #g.# ,#
.#..#
#.S##.#.>##.#
#.g@...<... .
#.###.....# *
#.# #.### #..
,, # * * ###*
* , * , * , ,
*


You could see 2 gnolls and an adder.

Vanquished Creatures
  2 gnolls (D:4)
  A giant cockroach (D:1)
  3 jackals (D:1)
  A quokka (D:1)
  A frilled lizard (D:3)
  3 goblins (D:1)
  A kobold (D:1)
  A rat (D:1)
13 creatures vanquished.

Vanquished Creatures (others)
  32 foxfires
32 creatures vanquished.

Grand Total: 45 creatures vanquished

Notes
Turn   | Place    | Note
-------+----------+-------------------------------------------
     0 | D:1      | hawla the Meteoran Fire Elementalist began the quest for
                  | the Orb.
     0 | D:1      | Reached XP level 1. HP: 14/14 MP: 5/5
    42 | D:1      | Reached XP level 2. HP: 20/20 MP: 4/6
    54 | D:1      | Reached skill level 4 in Fire Magic
   121 | D:2      | Learned a level 2 spell: Scorch
   136 | D:4      | Reached XP level 3. HP: 25/26 MP: 1/8
   149 | D:4      | HP: 1/26 [gnoll/+0 whip (4)]
   149 | D:4      | Slain by a gnoll

Illustrated notes

Levels and vault maps discovered:
D:1:      ldierk_walled_garden, layout_rooms
D:2:      layout_rooms, grunt_decor_one_mirror, uniq_natasha
D:3:      layout_basic, chei_slow_surprise, mainiacjoe_overflow_small_starburst,
          jmf_multi_god_temple2, nrook_mini_backslash, uniq_grinder,
          uniq_crazy_yiuf_cottage, uniq_sigmund, uniq_robin
D:4:      layout_loops_ring, lemuel_crystal_altar

Skill      XL: |  1  2 |
---------------+-------+-----
Fire Magic     | 4 |  4.5
Dodging        | 3 |  3.2
Fighting       | |  0.1
Stealth        | |  1.4
Spellcasting   | |  2.9
Conjurations   | |  1.3

Action                     || total
---------------------------++-------
  Melee: Unarmed           ||     5
   Cast: Foxfire           ||    20
         Scorch            ||     1
    Use: Potion            ||     1
 Armour: Robe              ||     2
  Dodge: Dodged            ||    11
